 Dungeon Crawl Stone Soup version 0.20.1-1-g8b1a95d (webtiles) character file.

214 kae the Insei (level 5, -1/42 HPs)
             Began as a Draconian Transmuter on Nov 6, 2017.
             Slain by an orc warrior
             ... wielding a +1 trident of pain
              (9 damage)
             ... on level 3 of the Dungeon.
             The game lasted 00:04:49 (4251 turns).

kae the Insei (Draconian Transmuter)                Turns: 4251, Time: 00:04:50

Health: -1/42      AC:  6    Str: 12    XL:     5   Next: 59%
Magic:  5/9        EV: 13    Int: 13    God:
Gold:   189        SH:  0    Dex: 13    Spells: 4/10 levels left

rFire    . . .     SeeInvis .   d - +1 whip
rCold    . . .     Gourm    .   (no shield)
rNeg     . . .     Faith    .   (armour unavailable)
rPois    .         Spirit   .   (helmet restricted)
rElec    .         Reflect  .   p - +0 cloak
rCorr    .         Harm     .   (no gloves)
MR       .....                  (no boots)
Stlth    +.........             (no amulet)
Regen    0.2/turn               (no ring)
MPRegen  0.2/turn               (no ring)

@: very slightly contaminated
A: unfitting armour, cold-blooded, AC +5
a: no special abilities


You were on level 3 of the Dungeon.
You were not hungry.

You visited 1 branch of the dungeon, and saw 3 of its levels.

You collected 189 gold pieces.

Inventory:

Hand Weapons
 d - a +1 whip (weapon)
Missiles
 a - 72 arrows
Armour
 p - a +0 cloak (worn)
Jewellery
 f - an uncursed amulet of the gourmand {unknown}
Wands
 j - a wand of polymorph (12/24)
Scrolls
 e - 2 scrolls of teleportation
 h - a scroll of fear {unknown}
 m - a scroll of magic mapping
Potions
 k - a potion of brilliance
 q - 2 potions of flight
Books
 b - a book of Changes

   Spells                             Type                      Level
   a - Beastly Appendage              Transmutation                1
   b - Sticks to Snakes               Transmutation                2
   c - Spider Form                    Transmutation/Poison         3
   d - Ice Form                       Ice/Transmutation            4
   e - Blade Hands                    Transmutation                5
Comestibles
 c - 4 bread rations
 g - a royal jelly
 i - 2 meat rations
 n - 4 fruits


   Skills:
 + Level 2.3 Fighting
 + Level 2.6 Dodging
 * Level 4.4 Unarmed Combat
 + Level 3.0 Spellcasting
 + Level 2.7 Transmutations


You had 4 spell levels left.
You knew the following spells:

 Your Spells              Type           Power        Failure   Level  Hunger
a - Beastly Appendage     Tmut           #.....       8%          1    #......
b - Spider Form           Tmut/Pois      #.........   36%         3    ###....
c - Sticks to Snakes      Tmut           #.......     11%         2    ##.....


Dungeon Overview and Level Annotations

Branches:
Dungeon (3/15)

Altars:
Uskayaw

Annotations:
D:3 Irenicus's ghost, weakling DDNe


Innate Abilities, Weirdness & Mutations

Your plain brown scales are hard. (AC +5)
You cannot fit into any form of body armour.
You are cold-blooded and may be slowed by cold attacks.


Message History

The orc warrior misses you.
You hit the orc warrior but do no damage.
The orc warrior is lightly wounded.
The orc warrior hits you with a trident of pain!!
* * * LOW HITPOINT WARNING * * *
You hit the orc warrior.
The orc warrior is heavily wounded.
Okay, then.
The orc warrior closely misses you.
Things that are here:
a club; a hobgoblin skeleton Your transformation has ended.
Your +1 whip unmelds from your body.
Your +0 cloak unmelds from your body.
Casting: Spider Form
Confirm with . or Enter, or press ? or * to list all spells.
You miscast Sticks to Snakes.
You are very lightly contaminated with residual magic.
Nothing appears to happen.
The orc warrior hits you from afar with a trident of pain!
You die...

####### #.#
##...###..... # #.#
##'## #####. # #.#
#.# #. # #o# #.#
######. # #o#
##.###...... # #o#
######...##.#####
#)# ##...#....,#.#
#o###.....#...##.##
#)oo.@.....#.##...#
####..........†.).#
#.......#.##...#
##.....##.######
##...###.# *####
#.# ######.## ###
*******####
#.......##### ..#
*,,,,,,,..#
#.####.....)#


You could see an orc warrior, an orc priest and an orc.

Vanquished Creatures
  Jessica (D:3)
  Robin (D:3)
  6 adders
  An ooze (D:1)
  3 worms (D:2)
  2 leopard geckos (D:2)
  7 orcs
  5 bats
  8 giant cockroaches
  12 goblins
  13 hobgoblins
  8 jackals
  12 kobolds
  3 quokkas
  2 frilled lizards
  8 rats
92 creatures vanquished.

Notes
Turn   | Place    | Note
-------+----------+-------------------------------------------
     0 | D:1      | kae the Draconian Transmuter began the quest for the Orb.
     0 | D:1      | Reached XP level 1. HP: 16/16 MP: 3/3
   258 | D:1      | Reached XP level 2. HP: 22/23 MP: 3/5
  1030 | D:1      | Reached XP level 3. HP: 29/29 MP: 6/6
  1035 | D:1      | Learned a level 3 spell: Spider Form
  1986 | D:2      | Reached XP level 4. HP: 36/36 MP: 6/8
  2496 | D:2      | Reached skill level 4 in Unarmed Combat
  2681 | D:2      | Found a hide-covered altar of Uskayaw.
  3049 | D:3      | Learned a level 2 spell: Sticks to Snakes
  3050 | D:3      | Noticed Jessica
  3057 | D:3      | Reached XP level 5. HP: 37/41 MP: 7/9
  3062 | D:3      | Killed Jessica
  3423 | D:3      | Noticed Irenicus's ghost (weakling DDNe)
  3425 | D:3      | Noticed Robin
  3528 | D:3      | Noticed an orc warrior
  3946 | D:3      | Killed Robin
  4251 | D:3      | Slain by an orc warrior

Skill      XL: |  1  2  3  4  5 |
---------------+----------------+-----
Dodging        | 2 |  2.6
Unarmed Combat | 4 |  4.4
Fighting       | 2 |  2.3
Spellcasting   | 3 |  3.0
Transmutations | |  2.7

Action                   |  1- 3 |  4- 6 || total
-------------------------+-------+-------++-------
Melee: Whip              |   177 |   217 ||   394
       Unarmed           |     7 |    18 ||    25
       Tailslap          |    28 |    31 ||    59
       Headbutt          |     4 |    10 ||    14
       Kick              |     6 |     3 ||     9
       Punch             |     1 |     4 ||     5
 Cast: Beastly Appendage |     7 |    12 ||    19
       Spider Form       |       |     3 ||     3
  Use: Scroll            |       |     7 ||     7
 Stab: Sleeping          |       |     3 ||     3
  Eat: Chunk             |     4 |     8 ||    12
Armor: Skin              |    65 |    61 ||   126
Dodge: Dodged            |   124 |   162 ||   286
